 Dungeon Crawl Stone Soup version 0.16-a0-286-g6bac339 (webtiles) character file.

599 Kashira the Gusty (level 7, -8/36 HPs)
             Began as a Tengu Air Elementalist on Aug 28, 2014.
             Was an Initiate of Qazlal.
             Mangled by an orc warrior
             ... wielding a +0 short sword
              (17 damage)
             ... on Level 5 of the Dungeon.
             The game lasted 00:25:43 (4545 turns).

Kashira the Gusty (Tengu Air Elementalist)          Turns: 4545, Time: 00:25:44

HP  -8/36        AC  3     Str  8      XL: 7   Next: 41%
MP  10/18        EV 13     Int 18      God: Qazlal [......]
Gold 173         SH  0     Dex 14      Spells:  2 memorised, 11 levels left

rFire  . . .     SeeInvis .     j - +1 dagger
rCold  + . .     Clarity  .     a - +1 robe
rNeg   . . .     rCorr    .     (no shield)
rPois  .         rRot     .     (helmet restricted)
rElec  .         Spirit   .     (no cloak)
SustAb .         Warding  .     (no gloves)
rMut   .         Stasis   .     (boots unavailable)
Gourm  .                        (no amulet)
MR     .....                    E - ring of protection from cold
                                k - +2 ring of slaying

@: not resistant to hostile enchantments, unstealthy
A: able to fly, beak, talons 3
a: Fly, Renounce Religion


You were on level 5 of the Dungeon.
You worshipped Qazlal.
Qazlal was noncommittal.
You were hungry.

You visited 2 branches of the dungeon, and saw 6 of its levels.

You collected 173 gold pieces.

Inventory:

Hand weapons
 j - a +1 dagger (weapon)
 s - a +1 hand axe of freezing
Missiles
 g - 38 stones
 r - a throwing net (quivered)
Armour
 a - a +1 robe (worn)
Magical devices
 D - a wand of frost (9) {unknown}
Comestibles
 h - a beef jerky
 i - a rotting chunk of adder flesh
 n - 3 bread rations
 q - 2 meat rations
 z - a royal jelly
 C - 2 fruits
Scrolls
 c - a scroll of fear {unknown}
 d - 8 scrolls of teleportation {unknown}
 e - a scroll of enchant armour
 f - 3 scrolls of remove curse
 l - a scroll of enchant weapon
 m - 4 scrolls of identify
 o - a scroll of noise {unknown}
 y - a scroll of fog {unknown}
Jewellery
 k - a +2 ring of slaying (left hand)
 p - an uncursed ring of ice
 E - a ring of protection from cold (right hand)
Potions
 t - a potion of mutation {unknown}
 u - 3 potions of might {unknown}
 v - a potion of heal wounds {unknown}
 w - a potion of brilliance {unknown}
 x - a potion of beneficial mutation {unknown}
 A - a potion of berserk rage {unknown}
 B - 2 potions of restore abilities
Books
 b - a book of Air

   Spells                             Type                      Level
   *Shock                             Conjuration/Air              1
   *Swiftness                         Charms/Air                   2
   Repel Missiles                     Charms/Air                   2
   Flight                             Charms/Air                   3
   Static Discharge                   Conjuration/Air              3
   Lightning Bolt                     Conjuration/Air              5


   Skills:
 + Level 0.7 Throwing
 + Level 3.2 Dodging
 + Level 2.4 Stealth
 + Level 4.1 Spellcasting
 + Level 5.3 Conjurations
 + Level 7.0 Air Magic


You had 11 spell levels left.
You knew the following spells:

 Your Spells              Type           Power        Failure   Level  Hunger
a - Shock                 Conj/Air       ####         1%          1    None
b - Swiftness             Chrm/Air       ###.....     6%          2    ##.....


Dungeon Overview and Level Annotations

Branches:
Dungeon (5/15)             Temple (1/1) D:5

Altars:
Cheibriados
Dithmenos
Elyvilon
Fedhas
Kikubaaqudgha
Nemelex Xobeh
Qazlal
Sif Muna
Vehumet
Xom
Yredelemnul
Zin
The Shining One


Innate Abilities, Weirdness & Mutations

You can fly.
You have a beak for a mouth.
You have claws for feet.


Message History

Confirm with . or Enter, or press ? or * to list all spells.
Aiming: Shock
Press: ? - help, Shift-Dir - straight line The zap hits the orc warrior.
The orc warrior is almost dead.
You are feeling hungry.
The orc warrior completely misses you.
Casting: Shock
Confirm with . or Enter, or press ? or * to list all spells.
Aiming: Shock
Press: ? - help, Shift-Dir - straight line The zap misses the orc warrior.
The orc warrior barely misses you.
Casting: Shock
Confirm with . or Enter, or press ? or * to list all spells.
Aiming: Shock
Press: ? - help, Shift-Dir - straight line The zap hits the orc warrior.
The orc warrior is almost dead.
The orc warrior hits you with a short sword!
You die...

###########.##........
#$..# #.#####.####
#...#######.#####.##
##.>...................
#.....$................
#......#........#..####
#...%#.#.####...#..#
#....#o#.####...#..#
#########.#@#.#.........
#...........#..........#
##.######.#...#.########
#.# #+#.#.#.# #.#
.....#.# ... #.#
.....###.### ... #.#
#.....+.....# ... #.#
#.....###...# #.# #.#
#..<..# #...# #.#


You could see an orc warrior.

Vanquished Creatures
  A centaur (D:4)
  2 ogres
  A hound (D:4)
  2 orc priests (D:3)
  3 worker ants
  9 adders
  3 gnolls (D:3)
  A worm (D:2)
  5 giant geckos
  An ooze (D:2)
  5 orcs (D:3)
  A ball python (D:4)
  4 giant cockroaches
  11 hobgoblins
  11 bats
  2 giant newts
  4 goblins
  A hobgoblin skeleton (D:4)
  7 kobolds
  5 rats
79 creatures vanquished.

Notes
Turn   | Place    | Note
--------------------------------------------------------------
     0 | D:1      | Kashira, the Tengu Air Elementalist, began the quest for the Orb.
     0 | D:1      | Reached XP level 1. HP: 10/10 MP: 3/3
   496 | D:1      | Reached XP level 2. HP: 12/15 MP: 3/5
  1350 | D:2      | Reached skill level 5 in Air Magic
  1350 | D:2      | Reached XP level 3. HP: 17/19 MP: 1/7
  1880 | D:2      | Reached XP level 4. HP: 24/24 MP: 3/9
  2662 | D:3      | Reached XP level 5. HP: 28/28 MP: 3/11
  3181 | D:4      | Reached skill level 6 in Air Magic
  3194 | D:4      | Reached XP level 6. HP: 30/32 MP: 3/15
  3461 | D:4      | Found a sparkling altar of Nemelex Xobeh.
  3812 | D:4      | Noticed a centaur
  3819 | D:4      | Killed a centaur
  3895 | D:4      | Reached XP level 7. HP: 16/36 MP: 9/17
  4146 | D:5      | Entered Level 5 of the Dungeon
  4230 | D:5      | Found a staircase to the Ecumenical Temple.
  4237 | D:5      | Reached skill level 5 in Conjurations
  4261 | Temple   | Entered the Ecumenical Temple
  4417 | Temple   | Became a worshipper of Qazlal Stormbringer
  4470 | D:5      | Reached skill level 7 in Air Magic
  4474 | D:5      | Learned a level 2 spell: Swiftness
  4545 | D:5      | Mangled by an orc warrior

Action                   |  1- 3 |  4- 6 |  7- 9 || total
-------------------------+-------+-------+-------++-------
Melee: Unarmed           |     5 |       |       ||     5
       Dagger            |    14 |     1 |       ||    15
Throw: Stone             |    20 |       |       ||    20
 Cast: Shock             |    68 |   136 |    31 ||   235
  Use: Potion            |       |     1 |     1 ||     2
       Scroll            |       |       |     4 ||     4
  Eat: Bread ration      |     1 |       |       ||     1
       Chunk             |       |     4 |     2 ||     6
       Beef jerky        |       |     1 |       ||     1
